 Dungeon Crawl Stone Soup version 0.30-a0-1043-g60ff8d5f49 (webtiles) character file.

Game seed: 10755572539361421602

76969 protoss039 the Unseen (level 15, 0/92 HPs)
             Began as a Vampire Enchanter on Apr 9, 2023.
             Was the Champion of Dithmenos.
             Hit by a javelin thrown by Urug (9 damage)
             ... on level 14 of the Dungeon.
             The game lasted 00:59:41 (22663 turns).

protoss039 the Unseen (Vampire Enchanter)          Turns: 22663, Time: 00:59:42

Health: 0/92       AC: 12    Str:  7    XL:     15   Next: 14%
Magic:  0/34       EV: 19    Int: 17    God:    Dithmenos [******]
Gold:   2385       SH: 10    Dex: 27    Spells: 17/28 levels left

rFire   + . .      SeeInvis +    K - +5 dagger (venom)
rCold   + + .      Faith    .    T - +3 buckler of Voruom {+Inv}
rNeg    + + +      Spirit   +    A - +3 leather armour {Will+}
rPois   ∞          Reflect  .    O - +1 helmet
rElec   .          Rampage  .    N - +0 cloak
rCorr   .                        W - +0 pair of gloves "Papukob" {rN+ Dex+4}
Will    ++...                    M - +0 pair of boots Stlth *******+++
                                 R - amulet of guardian spirit
HPRegen 0.00/turn                i - ring of protection from fire
MPRegen 0.24/turn                b - ring of magical power

@: bloodless, inhibited regen, wreathed by umbra
A: bloodless, fangs 3, see invisible, vampiric 2
a: Bat Form, Revivify, Renounce Religion, Evoke Invisibility, Shadow Step,
Shadow Form


You were on level 14 of the Dungeon.
You worshipped Dithmenos.
Dithmenos was exalted by your worship.
You visited 3 branches of the dungeon, and saw 20 of its levels.
You also visited: Bailey.

You collected 2864 gold pieces.
You spent 479 gold pieces at shops.

Inventory:

Hand Weapons
 n - a +2 dagger of draining
 y - the +7 mace of Fuzzy Action {drain, *Rage rPois rCorr Int+3}
   (You found it on level 2 of the Lair of Beasts)

   Int:       It affects your intelligence (+3).
   rPois:     It protects you from poison.
   *Rage:     It berserks you when you make melee attacks (+20% chance).
   rCorr:     It protects you from acid and corrosion.
 E - a +3 scimitar of flaming
 H - a +6 broad axe
 I - the +9 lance "Wyrmbane" {slay drac, rPois rF+ rC+ AC+3}
   (You took it off Maggie on level 7 of the Dungeon)

   AC:        It affects your AC (+3).
   rF:        It protects you from fire.
   rC:        It protects you from cold.
   rPois:     It protects you from poison.
 K - a +5 dagger of venom (weapon)
Missiles
 d - 2 throwing nets
 U - 6 poisoned darts (quivered)
 V - 5 curare-tipped darts
Armour
 u - a +2 robe of fire resistance
 A - a +3 leather armour of willpower (worn)
 M - a +0 pair of boots (worn)
 N - a +0 cloak (worn)
 O - a +1 helmet (worn)
 T - the +3 buckler of Voruom (worn) {+Inv}
   (You found it on level 3 of the Lair of Beasts)

   +Inv:      It lets you turn invisible.
 W - the +0 pair of gloves "Papukob" (worn) {rN+ Dex+4}
   (You acquired it on level 2 of the Lair of Beasts)

   Dex:       It affects your dexterity (+4).
   rN:        It protects you from negative energy.
 X - +0 acid dragon scales
Magical Staves
 Y - a staff of air
Jewellery
 b - a ring of magical power (right hand)
 f - a +6 ring of strength
 i - a ring of protection from fire (left hand)
 s - a ring of resist corrosion
 F - a ring of magical power
 R - an amulet of guardian spirit (around neck)
Wands
 p - a wand of paralysis (5)
 z - a wand of digging (8)
 J - a wand of iceblast (7)
 L - a wand of flame (32)
 P - a wand of quicksilver (29)
 Q - a wand of mindburst (21)
Scrolls
 g - 4 scrolls of blinking
 h - 9 scrolls of teleportation
 m - a scroll of immolation
 o - 3 scrolls of amnesia
 w - 7 scrolls of magic mapping
 D - 4 scrolls of fog
 G - 2 scrolls of poison
 Z - a scroll of torment
Potions
 a - a potion of ambrosia {unknown}
 c - 2 potions of invisibility
 e - 5 potions of brilliance
 j - 6 potions of haste
 k - 8 potions of might
 l - 5 potions of heal wounds
 q - 11 potions of curing
 t - a potion of attraction {unknown}
 v - 2 potions of mutation
 x - a potion of berserk rage {unknown}
 B - 2 potions of cancellation
 C - 3 potions of magic
 S - 4 potions of flight


   Skills:
 * Level 10.0 Fighting
 + Level 6.7 Short Blades
 + Level 2.4 Throwing
 + Level 5.9 Armour
 + Level 8.7 Dodging
 + Level 17.0 Stealth
 * Level 3.5 Shields
 + Level 7.2 Spellcasting
 - Level 3.0 Conjurations
 + Level 11.8 Hexes
 - Level 3.0 Ice Magic
 + Level 12.4 Invocations
 * Level 4.6 Evocations


You had 17 spell levels left.
You knew the following spells:

 Your Spells              Type           Power      Damage    Failure   Level
a - Ensorcelled Hibernat  Hex/Ice        62%        N/A       1%          2
b - Confusing Touch       Hex            46%        N/A       1%          3
c - Tukima's Dance        Hex            46%        N/A       1%          3
d - Dazzling Flash        Conj/Hex       62%        N/A       3%          3

Your spell library contained the following spells:

 Spells                   Type           Power      Damage    Failure   Level
 Fulminant Prism          Conj/Hex       15%        3d10      10%         4
 Frozen Ramparts          Ice            32%        1d5       19%         3
 Apportation              Tloc           12%        N/A       22%         1
 Necrotise                Necr           24%        1d5       22%         1
 Summon Small Mammal      Summ           24%        N/A       22%         1
 Silence                  Hex/Air        13%        N/A       45%         5
 Volatile Blastmotes      Fire/Tloc      12%        2d11      54%         3
 Ice Form                 Ice/Tmut       11%        N/A       75%         4
 Iskenderun's Mystic Bla  Conj/Tloc      11%        2d4       75%         4
 Summon Ice Beast         Ice/Summ       11%        N/A       75%         4
 Animate Dead             Necr           6%         N/A       91%         4
 Passage of Golubria      Tloc           6%         N/A       91%         4
 Lee's Rapid Deconstruct  Erth           3%         3d5*      99%         5
 Haunt                    Necr/Summ      3%         N/A       100%        7
 Infestation              Necr           3%         N/A       100%        8
 Lehudib's Crystal Spear  Conj/Erth      5%         10d3      100%        8


Dungeon Overview and Level Annotations

Branches:
Dungeon (14/15) Zot: 25344  Temple (1/1) D:4 Zot: 5708    Lair (5/5) D:10 Zot: 22032
  Swamp (0/4) Lair:2        Snake (0/4) Lair:2        Slime (0/5) Lair:4
    Orc (0/2) D:11         Vaults (0/5) D:14         Bailey (visited)

Altars:
Ashenzari
Cheibriados
Dithmenos
Fedhas
Gozag
Hepliaklqana
Kikubaaqudgha
Makhleb
Nemelex Xobeh
Okawaru
Qazlal
Ru
Sif Muna
Trog
Uskayaw
Vehumet
Wu Jian
Xom
Yredelemnul

Shops:
D:7 *((   D:9 *   D:13 (

Annotations:
D:14 Urug


Innate Abilities, Weirdness & Mutations

You do not regenerate when monsters are visible.
You are frail without blood (-20% HP).
You can heal yourself when you bite living creatures.
You are immune to poison.
You have razor-sharp teeth.
You have supernaturally acute eyesight. (SInv)
You are afflicted with vampirism and can become a bat while bloodless.


Message History

The deep elf knight explodes!
The fiery explosion engulfs the hell knight.
The hell knight completely resists.
The fiery explosion engulfs Urug.
Flame seeps out of Urug.
Urug is lightly wounded.
Unknown command.
Unknown command.
Unknown command.
Throw: 8 darts (poison)
Press: ? - help, Q - select action, (/) - cycle Shift-Dir - straight line, f - hell knight
Aim: a hell knight, wielding a +5 glaive of flaming and wearing a +0 chain mail (flame, inner flame, umbra, 76% to hit)
You throw a poisoned dart. The poisoned dart hits the hell knight.
The hell knight hits you from afar with a +5 glaive of flaming!
The hell knight burns you.
Urug is engulfed in blazing flames.
Flame seeps out of Urug.
Unknown command.
Unknown command.
Throw: 7 darts (poison)
Press: ? - help, Q - select action, (/) - cycle Shift-Dir - straight line, f/p - hell knight
Aim: a hell knight, wielding a +5 glaive of flaming and wearing a +0 chain mail (flame, inner flame, umbra, 76% to hit)
You throw a poisoned dart.
The poisoned dart completely misses the hell knight.
The hell knight hits you from afar with a +5 glaive of flaming!!!
* * * LOW HITPOINT WARNING * * *
You emit a cloud of dark smoke.
The hell knight burns you.
* * * LOW HITPOINT WARNING * * *
Unknown command.
Unknown command.
Unknown command.
You feel much better.
The hell knight hits you from afar with a +5 glaive of flaming!!
* * * LOW HITPOINT WARNING * * *
Unknown command.
Unknown command.
Okay, then.
The hell knight invokes the aid of its god against you.
The bolt of fire hits you! You resist.
* * * LOW HITPOINT WARNING * * *
Urug throws a javelin.
The javelin pierces through you!
You die...

..†...>...# #########.#
###### ## #########.#
###.......# ........#.#
#.........# #######.#.#
#.#..###..# ....# #.#.#
###.#..#(#...
###.###.#.#####.§§#p§###...
# #............§§§§o§......
###.###....####§@§#§§......
............# #####..#.###.
.##<####...## #......##.
.##.# ##.## #.........
....# #.# #.###..### .####
#.# #.# #.# ># ##+## #.# .#
.# ##...## #.####.# .#
##.....## #......#


You could see Urug (inner flame, strong), a hell knight (inner flame) and a +4
demon blade.

Vanquished Creatures
  Rupert (Lair:3)
  Gastronok (Lair:2)
  Agnes (D:14)
  An orc warlord (Bailey)
  A fire dragon (Lair:5)
  Fannar (D:11)
  10 hydras
  An ogre mage (D:14)
  A catoblepas (Lair:2)
  3 boulder beetles
  A centaur warrior (D:14)
  4 two-headed ogres
  9 death yaks
  A deep elf knight (D:14)
  Sonja (Lair:4)
  Amaemon (Lair:3)
  A skyshark (Lair:5)
  5 skeletal warriors
  An orc knight (Bailey)
  Pikel (D:5)
  A lindwurm (Lair:5)
  2 wolf spiders (Lair:5)
  A wizard (D:14)
  2 manticores
  6 ugly things (D:14)
  A cyclops (D:11)
  A guardian serpent (Lair:5)
  9 cane toads
  An orange demon (Lair:3)
  5 torpor snails (Lair:5)
  6 black mambas (Lair:5)
  A gargoyle (D:12)
  13 komodo dragons
  Maggie (D:7)
  2 efreet
  3 kobold demonologists
  4 tyrant leeches (Lair:5)
  3 trolls
  8 hornets (Lair:5)
  A polar bear (Lair:5)
  22 blink frogs
  5 slime creatures (D:12)
  3 wraiths
  11 wyverns
  34 yaks
  4 redbacks (Lair:5)
  11 vampire mosquitoes
  Grum (D:10)
  2 swamp worms (Lair:2)
  Duvessa (D:7)
  20 water moccasins
  2 acid dragons
  14 orc warriors
  3 sky beasts (D:7)
  A black bear (Lair:1)
  An ogre (D:5)
  15 wolves
  3 centaurs
  2 lemures (D:5)
  A phantom (D:6)
  2 scorpions
  12 bullfrogs
  A gnoll sergeant (D:6)
  8 wights (D:8)
  Dowan (D:7)
  14 killer bees
  4 hounds
  7 jellies
  4 orc priests
  A sleepcap (D:6)
  Crazy Yiuf (D:7)
  An iguana (D:7)
  8 orc wizards
  Terence (D:3)
  11 gnolls
  7 adders
  2 shadow imps
  A white imp (D:6)
  An ufetubus (D:5)
  A worm (D:3)
  5 dart slugs
  47 orcs
  4 bats
  7 endoplasms
  3 giant cockroaches
  30 goblins
  12 hobgoblins
  4 jackals (D:2)
  2 quokkas
  3 training dummies (D:13)
  10 ball pythons
  3 frilled lizards
  8 kobolds
  7 rats
506 creatures vanquished.

Vanquished Creatures (collateral kills)
  2 hobgoblins (Bailey)
2 creatures vanquished.

Vanquished Creatures (others)
  51 fungi
  119 plants
170 creatures vanquished.

Grand Total: 678 creatures vanquished

Notes
Turn   | Place    | Note
-------+----------+-------------------------------------------
     0 | D:1      | protoss039 the Vampire Enchanter began the quest for the
                  | Orb.
     0 | D:1      | Reached XP level 1. HP: 13/13 MP: 3/3
   229 | D:1      | Reached XP level 2. HP: 16/16 MP: 5/5
   483 | D:1      | Reached skill level 1 in Fighting
   509 | D:1      | Learned a level 2 spell: Ensorcelled Hibernation
   727 | D:1      | Reached skill level 5 in Stealth
  1299 | D:2      | Gained mutation: You are afflicted with vampirism and can
                  | become a bat while bloodless. [Vampire growth]
  1299 | D:2      | Reached XP level 3. HP: 19/20 MP: 3/6
  1424 | D:2      | Found a faded altar of an unknown god.
  2301 | D:2      | Learned a level 3 spell: Confusing Touch
  2377 | D:3      | Reached XP level 4. HP: 25/25 MP: 4/7
  2550 | D:3      | Noticed Terence
  2570 | D:3      | Killed Terence
  2926 | D:4      | Noticed a scorpion
  2930 | D:4      | Killed a scorpion
  2931 | D:4      | Reached skill level 6 in Stealth
  2931 | D:4      | Reached skill level 5 in Hexes
  2931 | D:4      | Reached XP level 5. HP: 30/30 MP: 5/8
  3255 | D:4      | Found a burning altar of Makhleb.
  3370 | D:4      | Found a staircase to the Ecumenical Temple.
  3378 | Temple   | Entered the Ecumenical Temple
  3647 | Temple   | Became a worshipper of Dithmenos the Shadowed
  3712 | D:5      | Entered Level 5 of the Dungeon
  3733 | D:5      | Noticed an ogre
  3737 | D:5      | Killed an ogre
  3738 | D:5      | Reached XP level 6. HP: 36/36 MP: 8/10
  3900 | D:5      | Reached skill level 1 in Invocations
  3924 | D:5      | Reached skill level 7 in Stealth
  3935 | D:5      | Noticed Pikel
  4084 | D:5      | Reached skill level 1 in Ice Magic
  4084 | D:5      | Reached XP level 7. HP: 41/41 MP: 8/11
  4464 | D:5      | Killed Pikel
  4465 | D:5      | Reached skill level 8 in Stealth
  4465 | D:5      | Reached XP level 8. HP: 48/48 MP: 9/12
  4589 | D:6      | Upgraded the game from 0.30-a0-1035-g38d5fb2972 to
                  | 0.30-a0-1043-g60ff8d5f49
  4593 | D:6      | Learned a level 3 spell: Tukima's Dance
  4597 | D:6      | Learned a level 3 spell: Dazzling Flash
  4727 | D:6      | Reached skill level 1 in Armour
  4748 | D:6      | Reached * piety under Dithmenos
  5420 | D:6      | Found an iron altar of Okawaru.
  5518 | D:7      | Found a flagged portal.
  5536 | D:7      | Reached skill level 9 in Stealth
  5536 | D:7      | Reached skill level 1 in Evocations
  5669 | Bailey   | Entered a bailey
  5766 | Bailey   | Reached ** piety under Dithmenos
  6119 | Bailey   | Reached skill level 1 in Conjurations
  6119 | Bailey   | Reached XP level 9. HP: 50/52 MP: 6/14
  6279 | Bailey   | Noticed an orc knight
  6281 | Bailey   | Identified the +1 long sword "Duzuych" {flame, *Corrode
                  | MP+9 Str+8 Dex-2}
  6412 | Bailey   | Reached *** piety under Dithmenos
  6441 | Bailey   | Killed an orc knight
  6442 | Bailey   | Reached skill level 5 in Fighting
  6442 | Bailey   | Reached skill level 10 in Stealth
  6460 | Bailey   | Noticed an orc warlord
  6491 | Bailey   | Killed an orc warlord
  6492 | Bailey   | Reached skill level 5 in Dodging
  6674 | D:7      | Found Tico's Assorted Antiques.
  6688 | D:7      | Bought a scroll labelled DAZXUSAI HASE for 24 gold pieces
  6739 | D:7      | Reached XP level 10. HP: 59/59 MP: 16/16
  6748 | D:7      | Found a runed translucent door.
  6749 | D:7      | Noticed Crazy Yiuf
  6771 | D:7      | Found Ybbafoh's Antique Weapon Shop.
  6799 | D:7      | Noticed Maggie
  6802 | D:7      | Killed Maggie
  7135 | D:7      | Found Dam Tipn's Weapon Emporium.
  7310 | D:7      | Noticed Duvessa
  7313 | D:7      | Noticed Dowan
  7330 | D:7      | Killed Duvessa
  7332 | D:7      | Killed Dowan
  7443 | D:7      | Reached skill level 11 in Stealth
  7504 | D:7      | Killed Crazy Yiuf
  8040 | D:8      | Found a faded altar of an unknown god.
  8040 | D:8      | Found a hazy altar of Hepliaklqana.
  8042 | D:8      | Found a faded altar of an unknown god.
  8110 | D:8      | Found a radiant altar of Vehumet.
  8121 | D:8      | Reached skill level 5 in Invocations
  8184 | D:8      | Found a snail-covered altar of Cheibriados.
  8590 | D:9      | Reached skill level 5 in Short Blades
  8765 | D:9      | Found a stormy altar of Qazlal.
  8843 | D:9      | Reached **** piety under Dithmenos
  8911 | D:9      | Found Aplemye's General Store.
  8924 | D:9      | Bought a scroll of identify for 28 gold pieces
  8924 | D:9      | Bought 3 scrolls of fog for 168 gold pieces
  8924 | D:9      | Bought a scroll of blinking for 105 gold pieces
  8924 | D:9      | Bought a scroll of identify for 28 gold pieces
  8924 | D:9      | Bought a potion of heal wounds for 70 gold pieces
  8924 | D:9      | Bought a scroll of vulnerability for 56 gold pieces
  9073 | D:9      | Reached XP level 11. HP: 64/64 MP: 18/18
  9075 | D:10     | Entered Level 10 of the Dungeon
  9082 | D:10     | Noticed Grum
  9085 | D:10     | Killed Grum
  9376 | D:10     | Found a staircase to the Lair.
  9986 | D:11     | Noticed a two-headed ogre
  9999 | D:11     | Killed a two-headed ogre
 10000 | D:11     | Reached skill level 12 in Stealth
 10000 | D:11     | Reached skill level 10 in Invocations
 10070 | D:11     | Reached XP level 12. HP: 71/71 MP: 19/19
 10300 | D:11     | Noticed Fannar
 10307 | D:11     | Killed Fannar
 10364 | D:11     | Found a staircase to the Orcish Mines.
 11012 | D:12     | Reached skill level 5 in Spellcasting
 11403 | D:12     | Noticed a two-headed ogre
 11424 | D:12     | Killed a two-headed ogre
 11691 | D:12     | Found a shimmering blue altar of Sif Muna.
 11776 | D:12     | Reached skill level 13 in Stealth
 12001 | D:13     | Noticed a two-headed ogre
 12017 | D:13     | Killed a two-headed ogre
 12044 | D:13     | Noticed a boulder beetle
 12049 | D:13     | Killed a boulder beetle
 12052 | D:13     | Noticed a boulder beetle
 12077 | D:13     | Killed a boulder beetle
 12359 | D:13     | Noticed a five-headed hydra
 12360 | D:13     | Found Zyemugy's Firing Range.
 12365 | D:13     | Killed a five-headed hydra
 12924 | D:14     | Noticed a centaur warrior
 13038 | D:14     | Killed a centaur warrior
 13041 | D:14     | Reached XP level 13. HP: 78/78 MP: 21/21
 13200 | D:14     | Reached skill level 14 in Stealth
 13470 | D:14     | Found a gate to the Vaults.
 13524 | D:14     | Noticed Agnes
 13531 | D:14     | Killed Agnes
 13555 | D:14     | Noticed Urug
 13822 | Lair:1   | Entered Level 1 of the Lair of Beasts
 13840 | Lair:1   | Reached skill level 10 in Hexes
 13882 | Lair:1   | Reached ***** piety under Dithmenos
 15187 | Lair:1   | Reached skill level 15 in Stealth
 15401 | Lair:2   | Found a staircase to the Snake Pit.
 15621 | Lair:2   | Reached skill level 5 in Armour
 15672 | Lair:2   | Found a staircase to the Swamp.
 16191 | Lair:2   | Noticed Gastronok
 16214 | Lair:2   | Killed Gastronok
 16381 | Lair:2   | Identified 2 scrolls of acquirement
 16382 | Lair:2   | Acquired the +0 pair of gloves "Papukob" {rN+ Dex+4}
 16977 | Lair:2   | Reached XP level 14. HP: 86/86 MP: 23/23
 17001 | Lair:2   | Identified the +7 mace of Fuzzy Action {drain, *Rage rPois
                  | rCorr Int+3}
 17236 | Lair:2   | Acquired 1122 gold pieces
 17278 | Lair:3   | Noticed Rupert
 17494 | Lair:3   | Killed Rupert
 17682 | Lair:3   | Noticed Amaemon
 17687 | Lair:3   | Killed Amaemon
 17688 | Lair:3   | Reached skill level 16 in Stealth
 17744 | Lair:3   | Identified the +3 buckler of Voruom {+Inv}
 18470 | Lair:4   | Found a staircase to the Slime Pits.
 18548 | Lair:4   | Noticed Sonja
 18555 | Lair:4   | Killed Sonja
 18874 | Lair:4   | Reached skill level 1 in Throwing
 18907 | Lair:4   | Reached skill level 1 in Shields
 19406 | Lair:5   | Entered Level 5 of the Lair of Beasts
 19720 | Lair:5   | Reached ****** piety under Dithmenos
 20038 | Lair:5   | Found a runed translucent door.
 21570 | Lair:5   | Reached XP level 15. HP: 92/92 MP: 25/25
 22456 | D:14     | Reached skill level 10 in Fighting
 22490 | D:14     | Reached skill level 17 in Stealth
 22663 | D:14     | Hit by a javelin thrown by Urug

Illustrated notes

Levels and vault maps discovered:
D:1:      dpeg_arrival_prison, layout_basic, chequers_avenue
D:2:      cheibrodos_helix_gallery, layout_loops_ring,
          chequers_ecumenical_altar_twisty
D:3:      layout_rooms, tso_oasis_becter, uniq_terence
D:4:      layout_rooms, lightli_temple_of_fire, minmay_temple_entry_nine_rooms
D:5:      layout_cave_pools, minmay_misc_feat_tower, uniq_pikel
D:6:      layout_basic, elyvilon_altar_3, okawaru_gym_becter
D:7:      layout_cave_pods, serial_shops, nicolae_shop_hallway_plus,
          nicolae_shop_hallway_plus, nicolae_shop_waterfront, enter_bailey_5,
          minmay_liquid_box, uniq_crazy_yiuf_cottage, uniq_maggie, uniq_duvessa
D:8:      layout_basic, nicolae_hepliaklqana_ecumenical_no_more,
          mainiacjoe_overflow_two_lobes
D:9:      layout_big_octagon, old_standard_altar, serial_shops, shop
D:10:     layout_basic, david_lair_shrubbed, uniq_grum
D:11:     layout_small_grid, orc_0_dummy, uniq_fannar
D:12:     layout_rooms, nicolae_sif_muna_little_library
D:13:     layout_stronghold, nicolae_shop_firing_range
D:14:     layout_loops_corners, david_vaults_2, chequers_serial_rivers_room_b,
          sword_in_stone, uniq_agnes
Temple:   minmay_temple_curvy_branch
Lair:1:   layout_cave_shapes, grunt_megastairs_3, infiniplex_staircase_pool_2
Lair:2:   layout_layer_cave, palyth_hydra_swamp_entry,
          guppyfry_snake_entry_garden, uniq_gastronok
Lair:3:   layout_long_grid, uniq_amaemon, uniq_urug, uniq_rupert
Lair:4:   layout_cave_pods, slime_entry_1, uniq_sonja
Lair:5:   wormcave, layout_cave_pods, hangedman_lair_tendril_chambers,
          serial_bayou_shore_b

Skill      XL: |  1  2  3  4  5  6  7  8  9 10 11 12 13 14 15 |
---------------+----------------------------------------------+-----
Fighting       | 1 2 3 4 5 6 7 9 10 | 10.0
Stealth        | 5 6 7 8 9 10 11 12 13 15 16 17 | 17.0
Short Blades   | 2 3 4 5 6 |  6.7
Dodging        | 3 4 5 6 7 8 |  8.7
Hexes          | 5 6 7 8 9 10 11 | 11.8
Invocations    | 1 2 3 4 9 10 11 12 | 12.4
Ice Magic      | 1 2 3 |  3.0
Spellcasting   | 3 4 5 6 7 |  7.2
Armour         | 1 2 3 4 5 |  5.9
Evocations     | 1 2 3 4 |  4.6
Conjurations   | 1 2 3 |  3.0
Throwing       | 2 |  2.4
Shields        | 3 |  3.5

Action                     |  1- 3 |  4- 6 |  7- 9 | 10-12 | 13-15 || total
---------------------------+-------+-------+-------+-------+-------++-------
  Melee: Dagger            |   101 |    61 |   196 |   366 |   699 ||  1423
         Bite              |     4 |     4 |    18 |    53 |   128 ||   207
         Punch             |       |       |     4 |     7 |     2 ||    13
         Lance             |       |       |       |       |     2 ||     2
  Throw: Dart              |       |       |       |       |     5 ||     5
   Cast: Ensorcelled Hiber |    15 |    12 |    68 |    77 |   150 ||   322
         Confusing Touch   |       |       |     9 |    28 |    62 ||    99
         Tukima's Dance    |       |       |     1 |     5 |       ||     6
         Dazzling Flash    |       |       |       |     5 |    16 ||    21
Ability: Exsanguinate      |     1 |       |       |       |       ||     1
    Use: Scroll            |     1 |     1 |     1 |    20 |    13 ||    36
         Potion            |       |       |       |     4 |     3 ||     7
   Stab: Sleeping          |    33 |    23 |    56 |    84 |   114 ||   310
         Confused          |       |       |     9 |    30 |    67 ||   106
         Distracted        |       |       |     2 |       |     3 ||     5
         Invisible         |       |       |       |     5 |    13 ||    18
 Armour: Robe              |    18 |     8 |       |       |       ||    26
         Leather armour    |       |       |    44 |    78 |   143 ||   265
  Dodge: Dodged            |    65 |    39 |   156 |   325 |   521 ||  1106
  Block: Buckler           |       |       |       |       |   115 ||   115

Table legend: (Time is in decaauts)
 A = Elapsed time spent in this place.
 B = Non-inter-level travel time spent in this place.
 C = Inter-level travel time spent in this place.
 D = Time resting spent in this place.
 E = Time spent auto-exploring this place.
 F = Levels seen in this place.
 G = Mean time per level.
                   A        B        C        D        E       F      G
               +--------+--------+--------+--------+--------+-----+--------+
         Total |  22403 |  20982 |   1421 |   2427 |  13768 |  21 | 1066.8 |
       Dungeon |  13227 |  12238 |    989 |   1180 |   8620 |  14 |  944.8 |
        Temple |    291 |    249 |     42 |      0 |    247 |   1 |  291.0 |
          Lair |   7967 |   7577 |    390 |    953 |   4726 |   5 | 1593.4 |
        Bailey |    916 |    916 |      0 |    294 |    174 |   1 |  916.0 |
               +--------+--------+--------+--------+--------+-----+--------+

Top non-repeatable levels by time:
  Lair:5: 2498 daAuts
  Lair:2: 1999 daAuts
  Lair:1: 1355 daAuts
     D:1: 1280 daAuts
    D:10: 1213 daAuts
     D:7: 1151 daAuts
  Lair:4: 1109 daAuts
    D:11: 1078 daAuts
    D:13: 1073 daAuts
    D:14: 1033 daAuts
    D:12: 1031 daAuts
     D:2: 1016 daAuts
  Lair:3: 1005 daAuts
  Bailey: 916 daAuts
     D:8: 883 daAuts
